[Event "34th MPL National U12 Chess-ch 2022"]
[Site "Mysore"]
[Date "2022.04.10"]
[Round "4.6"]
[White "Sriram Adarsh Uppala"]
[Black "Sharnarthi Viresh"]
[Result "1/2-1/2"]
[ECO "D03"]
[WhiteElo "1345"]
[BlackElo "1549"]
[Annotator "NA RC"]
[PlyCount "159"]
[EventDate "2022.04.09"]
[EventCountry "IND"]
[SourceTitle "playchess.com"]
[Source "ChessBase"]
[SourceQuality "1"]
[TimeControl "5400+30"]

1. d4 Nf6 2. Nf3 d5 3. Bg5 Ne4 4. Bf4 c5 5. dxc5 Nc6 6. e3 Bg4 7. Be2 e6 8. O-O g5 9. Bg3 h5 10. Nbd2 h4 11. Bd6 Nxd6 12. cxd6 Bxd6 13. h3 Bh5 14. Nd4 Bxe2 15. Qxe2 Nxd4 16. exd4 Qb6 17. Nf3 Bf4 18. c4 O-O-O 19. c5 Qc7 20. b4 Rdg8 21. Ne5 Kb8 22. Rfe1 f5 23. b5 Bxe5 24. Qxe5 Qxe5 25. Rxe5 Rg6 26. Rae1 Rhh6 27. b6 axb6 28. cxb6 Kc8 29. Rc1+ Kb8 30. Rc7 g4 31. Kf1 f4 32. Rf7 Kc8 33. Re1 e5 34. Rxe5 Kd8 35. Rxd5+ Ke8 36. Rxb7 Rxb6 37. Rxb6 Rxb6 38. hxg4 Rb1+ 39. Ke2 Rb2+ 40. Kf3 Rxa2 41. Re5+ Kf7 42. Rh5 Rd2 43. d5 Kg6 44. d6 Rxd6 45. Rxh4 Rf6 46. Rh8 Kg7 47. Ra8 Kg6 48. Ra5 Rf8 49. g3 fxg3+ 50. Kxg3 Rb8 51. Ra6+ Kg7 52. f4 Rb4 53. g5 Rc4 54. Kg4 Rb4 55. Re6 Kf7 56. Re5 Kg6 57. Ra5 Rc4 58. Ra6+ Kg7 59. Kh5 Rxf4 60. Ra7+ Kg8 61. Kh6 Rf8 62. Rg7+ Kh8 63. Kg6 Ra8 64. Rf7 Kg8 65. Rb7 Ra6+ 66. Kh5 Rc6 67. Ra7 Rb6 68. Ra5 Kg7 69. Rd5 Ra6 70. Rd7+ Kg8 71. g6 Ra1 72. Rb7 Rh1+ 73. Kg5 Rg1+ 74. Kf5 Rf1+ 75. Kg5 Rg1+ 76. Kf6 Rf1+ 77. Ke5 Re1+ 78. Kf4 Rf1+ 79. Ke3 Rg1 80. Ke4 1/2-1/2

[Event "34th MPL National U12 Chess-ch 2022"]
[Site "Mysore"]
[Date "2022.04.11"]
[Round "5.1"]
[White "Sadbhav Rautela"]
[Black "Vaz, Ethan"]
[Result "0-1"]
[ECO "B23"]
[WhiteElo "1552"]
[BlackElo "1384"]
[Annotator "NA RC"]
[PlyCount "86"]
[EventDate "2022.04.09"]
[EventCountry "IND"]
[SourceTitle "playchess.com"]
[Source "ChessBase"]
[SourceQuality "1"]
[TimeControl "5400+30"]

1. e4 c5 2. Nc3 Nc6 3. Bb5 g6 4. Bxc6 bxc6 5. d3 Bg7 6. f4 Nf6 7. Nf3 O-O 8. O-O Rb8 9. Qe1 Ba6 10. b3 d6 11. Bd2 Qd7 12. Kh1 Rfd8 13. Rb1 Ne8 14. Na4 Nc7 15. c4 Re8 16. Qh4 Bc8 17. h3 f5 18. Bc3 Bb7 19. Ng5 h6 20. Nf3 Rf8 21. Qg3 Bxc3 22. Nxc3 Kh7 23. Rbe1 e6 24. Re2 Ne8 25. Na4 Nf6 26. e5 Nh5 27. Qh2 Rbd8 28. exd6 Qxd6 29. Ne5 g5 30. fxg5 hxg5 31. g3 Kg7 32. Rfe1 Bc8 33. Qf2 f4 34. gxf4 Nxf4 35. Qg3 Rf5 36. Rf2 Rxe5 37. Ref1 Qxd3 38. Rf3 Qg6 39. Rg1 Rf5 40. Nxc5 Rh8 41. Qg4 e5 42. Ne4 Nxh3 43. Rfg3 Nxg1+ 0-1

[Event "34th MPL National U12 Chess-ch 2022"]
[Site "Mysore"]
[Date "2022.04.11"]
[Round "5.2"]
[White "Reyan"]
[Black "Jain, Kushagra"]
[Result "1-0"]
[ECO "B23"]
[WhiteElo "1543"]
[BlackElo "1452"]
[Annotator "NA RC"]
[PlyCount "121"]
[EventDate "2022.04.09"]
[EventCountry "IND"]
[SourceTitle "playchess.com"]
[Source "ChessBase"]
[SourceQuality "1"]
[TimeControl "5400+30"]

1. e4 c5 2. Nc3 d6 3. d4 cxd4 4. Qxd4 Nc6 5. Qd2 g6 6. b3 Bh6 7. f4 Nf6 8. Bb2 e5 9. Nge2 O-O 10. O-O-O Nd4 11. g3 Bg4 12. Nxd4 exd4 13. Ne2 Bg7 14. Qxd4 Re8 15. e5 dxe5 16. Qxd8 Rc8 17. Qxe8+ Rxe8 18. Rd8 Rxd8 19. Bxe5 Ne4 20. Bg2 Bxe5 21. fxe5 Nf2 22. Re1 Rc8 23. Nf4 g5 24. Rf1 gxf4 25. Rxf2 fxg3 26. hxg3 b6 27. Rf4 Be6 28. Kb2 Kf8 29. Rh4 Kg7 30. Ra4 a5 31. Re4 b5 32. c3 Kg6 33. Bf1 Rc5 34. Bd3 Kg5 35. Re3 h6 36. Kc2 Kg4 37. Kd2 h5 38. c4 bxc4 39. bxc4 Rc7 40. Be2+ Kg5 41. Re4 Bf5 42. Rd4 Be6 43. Kc3 Kf5 44. Rh4 Kxe5 45. Rxh5+ f5 46. g4 Kf4 47. gxf5 Bxf5 48. Bd3 Bxd3 49. Kxd3 a4 50. c5 a3 51. Kc4 Ke3 52. Rh3+ Ke4 53. Rxa3 Ke5 54. Re3+ Kf6 55. Kd5 Ra7 56. a3 Ra5 57. Kd6 Ra6+ 58. c6 Ra4 59. Rf3+ Kg7 60. c7 Rc4 61. Rd3 1-0

[Event "34th MPL National U12 Chess-ch 2022"]
[Site "Mysore"]
[Date "2022.04.11"]
[Round "5.3"]
[White "Aansh Nandan Nerurkar"]
[Black "Haridev S"]
[Result "0-1"]
[ECO "B52"]
[WhiteElo "1564"]
[BlackElo "1458"]
[Annotator "NA RC"]
[PlyCount "148"]
[EventDate "2022.04.09"]
[EventCountry "IND"]
[SourceTitle "playchess.com"]
[Source "ChessBase"]
[SourceQuality "1"]
[TimeControl "5400+30"]

1. e4 c5 2. Nf3 d6 3. Bb5+ Bd7 4. Bxd7+ Nxd7 5. O-O Ngf6 6. Qe2 e6 7. d4 cxd4 8. Nxd4 Be7 9. c4 Rc8 10. b3 O-O 11. Bb2 Qc7 12. Nc3 a6 13. Rac1 Rfd8 14. Rfd1 Nc5 15. Kh1 b6 16. f3 Qb7 17. Qe3 Bf8 18. Qg5 h6 19. Qe3 d5 20. e5 Ne8 21. cxd5 exd5 22. f4 Ne6 23. Nce2 Be7 24. Qg3 Nxd4 25. Bxd4 f6 26. Qg6 Bc5 27. Qd3 fxe5 28. fxe5 a5 29. Rf1 Bxd4 30. Nxd4 Rxc1 31. Rxc1 Rc8 32. Rf1 Qe7 33. Qg3 Qg5 34. Qxg5 hxg5 35. h3 Rc3 36. Ne6 Nc7 37. Nxg5 Re3 38. Nf3 Nb5 39. Rc1 Nc3 40. Nd4 b5 41. e6 b4 42. Rf1 Re4 43. Rf2 Kh7 44. Rd2 Kg6 45. Kh2 Kf6 46. g4 Nxa2 47. e7 Nc3 48. Nc6 Kf7 49. Rf2+ Ke8 50. Rf8+ Kd7 51. Rd8+ Kxc6 52. e8=Q+ Rxe8 53. Rxe8 a4 54. bxa4 Nxa4 55. Rb8 Nb6 56. Rf8 b3 57. Rf3 b2 58. Rb3 Na4 59. Kg2 Kc5 60. g5 Kc4 61. Rb8 Kc5 62. h4 Nb6 63. h5 b1=Q 64. Rb7 Qe4+ 65. Kg3 Kc6 66. Rf7 Qe5+ 67. Kg2 Qxg5+ 68. Kf2 Qh4+ 69. Ke3 Qxh5 70. Rxg7 Nc4+ 71. Kd3 Qf3+ 72. Kc2 Qe2+ 73. Kc1 Qd2+ 74. Kb1 Qb2# 0-1

[Event "34th MPL National U12 Chess-ch 2022"]
[Site "Mysore"]
[Date "2022.04.11"]
[Round "5.4"]
[White "Adireddy Arjun"]
[Black "Ajay Santhosh Parvathareddy"]
[Result "1-0"]
[ECO "B90"]
[WhiteElo "1796"]
[BlackElo "1296"]
[Annotator "NA RC"]
[PlyCount "87"]
[EventDate "2022.04.09"]
[EventCountry "IND"]
[SourceTitle "playchess.com"]
[Source "ChessBase"]
[SourceQuality "1"]
[TimeControl "5400+30"]

1. e4 c5 2. Nf3 d6 3. d4 cxd4 4. Nxd4 Nf6 5. Nc3 a6 6. Be3 e5 7. Nf3 Be7 8. Bc4 Qc7 9. Bb3 Nbd7 10. O-O O-O 11. a4 b6 12. Nh4 Nc5 13. Nd5 Nxd5 14. Bxd5 Rb8 15. Nf5 Bxf5 16. exf5 Nd7 17. Qe2 Nf6 18. Bb3 Ra8 19. Rfd1 Qb7 20. g4 h6 21. h4 Rad8 22. g5 Ne8 23. Bd5 Qc7 24. g6 Nf6 25. Bxf7+ Kh8 26. c4 Qc6 27. f3 e4 28. fxe4 Qxe4 29. Rd4 Qe5 30. Qf3 d5 31. cxd5 Bc5 32. Rd3 Ng4 33. Bxc5 Qh2+ 34. Kf1 Qxb2 35. Qxg4 Qxa1+ 36. Rd1 Qc3 37. Bxf8 Rxf8 38. d6 b5 39. d7 Rd8 40. Re1 Rf8 41. Re8 Qc1+ 42. Kg2 Qc6+ 43. Qe4 Qd6 44. Rxf8+ 1-0

[Event "34th MPL National U12 Chess-ch 2022"]
[Site "Mysore"]
[Date "2022.04.11"]
[Round "5.5"]
[White "Vandan Alankar Sawai"]
[Black "Gandhi, Aakash"]
[Result "0-1"]
[ECO "C14"]
[WhiteElo "1289"]
[BlackElo "1698"]
[Annotator "NA RC"]
[PlyCount "142"]
[EventDate "2022.04.09"]
[EventCountry "IND"]
[SourceTitle "playchess.com"]
[Source "ChessBase"]
[SourceQuality "1"]
[TimeControl "5400+30"]

1. e4 e6 2. d4 d5 3. Nc3 Nf6 4. Bg5 Be7 5. e5 Nfd7 6. Bxe7 Qxe7 7. f4 O-O 8. Nf3 c5 9. Qd2 Nc6 10. dxc5 Nxc5 11. Bd3 Nxd3+ 12. cxd3 b6 13. O-O-O b5 14. Kb1 Ba6 15. Ne2 b4 16. Ned4 Nxd4 17. Nxd4 Qc5 18. Qe3 Rac8 19. Rc1 Qb6 20. h4 Bb7 21. h5 b3 22. a3 Rc2 23. Rxc2 bxc2+ 24. Kxc2 Ba6 25. b3 Bb5 26. Re1 Rc8+ 27. Kb2 Ba4 28. Rb1 Bxb3 29. Ka1 Rc3 30. Kb2 Ba4+ 31. Kxc3 Qxb1 32. Qd2 h6 33. Qb2 Qe1+ 34. Qd2 Qh1 35. Qb2 Kh7 36. g4 Qg1 37. f5 Qe1+ 38. Qd2 Qxe5 39. fxe6 fxe6 40. Qf2 Qd6 41. Kb2 Qb6+ 42. Ka2 Bb3+ 43. Ka1 Bc2 44. Qxc2 Qxd4+ 45. Ka2 Qxg4 46. d4+ Qe4 47. Qd2 Qf5 48. Qe2 a5 49. Qd1 Qe4 50. Qd2 a4 51. Qd1 Qe3 52. Qc2+ Qe4 53. Qd1 Qe3 54. Qc2+ Kg8 55. Qc8+ Kf7 56. Qd7+ Kf6 57. Qd8+ Kf5 58. Qf8+ Ke4 59. Qxg7 Qb3+ 60. Ka1 Qxa3+ 61. Kb1 Qd3+ 62. Ka2 Qb3+ 63. Ka1 Qd1+ 64. Ka2 Qxh5 65. Qg2+ Qf3 66. Qc2+ Qd3 67. Qg2+ Kxd4 68. Qg7+ e5 69. Qg1+ Kc3 70. Qa1+ Kd2 71. Qh1 Qc2+ 0-1

[Event "34th MPL National U12 Chess-ch 2022"]
[Site "Mysore"]
[Date "2022.04.11"]
[Round "5.6"]
[White "Goutham Krishna H"]
[Black "Venkat, Raghav"]
[Result "1-0"]
[ECO "A33"]
[WhiteElo "1541"]
[BlackElo "2110"]
[Annotator "RC"]
[PlyCount "107"]
[EventDate "2022.04.09"]
[EventCountry "IND"]
[SourceTitle "playchess.com"]
[Source "ChessBase"]
[SourceQuality "1"]
[TimeControl "5400+30"]

1. Nf3 c5 2. c4 Nf6 3. Nc3 e6 4. a3 Nc6 5. d4 cxd4 6. Nxd4 Bc5 7. Nb3 Be7 8. e4 d6 9. Be2 O-O 10. O-O a6 11. Be3 Qc7 12. g4 Ne5 13. g5 Nfd7 14. Rc1 Qd8 15. h4 Nc6 16. f4 b6 17. Bf3 Bb7 18. Qe2 Nc5 19. Nd2 a5 20. b3 Rc8 21. Rb1 Qc7 22. b4 Nd7 23. h5 Qd8 24. g6 Bf6 25. Nb5 Qe7 26. Qd3 axb4 27. gxf7+ Kh8 28. axb4 d5 29. cxd5 Nxb4 30. Qb3 Nxd5 31. exd5 Bxd5 32. Bxd5 exd5 33. Bf2 Nc5 34. Qh3 Rcd8 35. Nd4 Qxf7 36. Rxb6 Rde8 37. Nb5 Qd7 38. Qxd7 Nxd7 39. Rd6 Rd8 40. Rxd5 Nb8 41. Rxd8 Rxd8 42. Ne4 Rd5 43. Rc1 Na6 44. Nbd6 h6 45. f5 Bb2 46. Rc8+ Kh7 47. Nf7 g6 48. hxg6+ Kg7 49. Ned6 Rd1+ 50. Kg2 Nb4 51. Ne8+ Kf8 52. Bc5+ Kg8 53. Nf6+ Kg7 54. Nh5# 1-0

[Event "34th MPL National U12 Chess-ch 2022"]
[Site "Mysore"]
[Date "2022.04.11"]
[Round "6.1"]
[White "Vaz, Ethan"]
[Black "Reyan"]
[Result "1-0"]
[ECO "B22"]
[WhiteElo "1384"]
[BlackElo "1543"]
[Annotator "NA RC"]
[PlyCount "48"]
[EventDate "2022.04.09"]
[EventCountry "IND"]
[SourceTitle "playchess.com"]
[Source "ChessBase"]
[SourceQuality "1"]
[TimeControl "5400+30"]

1. e4 c5 2. c3 Nf6 3. e5 Nd5 4. d4 cxd4 5. cxd4 d6 6. Nf3 Nc6 7. Bc4 Nb6 8. Bb5 dxe5 9. Nxe5 Bd7 10. Nxd7 Qxd7 11. Nc3 e6 12. O-O Be7 13. Be3 O-O 14. Rc1 a6 15. Bxc6 bxc6 16. Qc2 Rfc8 17. Na4 Nd5 18. Nc5 Bxc5 19. Qxc5 Rab8 20. Qa3 Qb7 21. b3 Qb5 22. Qd6 Qe2 23. Rxc6 Qxa2 24. Rfc1 Qe2 1-0

[Event "34th MPL National U12 Chess-ch 2022"]
[Site "Mysore"]
[Date "2022.04.11"]
[Round "6.2"]
[White "Haridev S"]
[Black "Adireddy Arjun"]
[Result "0-1"]
[ECO "B54"]
[WhiteElo "1458"]
[BlackElo "1796"]
[Annotator "NA RC"]
[PlyCount "138"]
[EventDate "2022.04.09"]
[EventCountry "IND"]
[SourceTitle "playchess.com"]
[Source "ChessBase"]
[SourceQuality "1"]
[TimeControl "5400+30"]

1. e4 c5 2. Nf3 d6 3. d4 cxd4 4. Nxd4 Nf6 5. f3 a6 6. c4 Nc6 7. Be3 Qc7 8. Nc3 e6 9. Be2 Be7 10. O-O O-O 11. Rc1 Nxd4 12. Qxd4 Nd7 13. Rfd1 b6 14. b4 Rb8 15. a3 Bb7 16. Qd2 Rfd8 17. f4 Rbc8 18. Bf3 Qb8 19. Ne2 Nf6 20. Ng3 d5 21. cxd5 Rxc1 22. Qxc1 exd5 23. e5 Ne4 24. Nf5 Bf8 25. Bxe4 dxe4 26. Bxb6 Rd3 27. Rxd3 exd3 28. Be3 Qd8 29. Qd2 Qd5 30. Nd4 a5 31. Nf3 axb4 32. axb4 Qc4 33. Ne1 Be4 34. Bc5 Bxc5+ 35. bxc5 Qxc5+ 36. Kf1 Qd4 37. g3 h5 38. Ng2 Bf3 39. Ne3 Be2+ 40. Kf2 Qe4 41. Qc1 g6 42. Ke1 Qh1+ 43. Kd2 Qxh2 44. e6 Bg4+ 45. Kxd3 Bxe6 46. f5 gxf5 47. Nf1 Qh1 48. Qg5+ Kh7 49. Ne3 Qf3 50. Kd2 Bc8 51. Qf6 Qf2+ 52. Kd3 Qa2 53. Qg5 Qa6+ 54. Kd2 Qg6 55. Qf4 Qh6 56. Qh4 Be6 57. Ke2 f6 58. Qb4 Qg7 59. Qd6 Qd7 60. Qf4 Kg6 61. Qb8 Bd5 62. Qf4 Be4 63. Kf2 Qd2+ 64. Kg1 Qe1+ 65. Nf1 Bd3 66. Qb8 Qxf1+ 67. Kh2 Qf2+ 68. Kh3 Bf1+ 69. Kh4 Qh2# 0-1

[Event "34th MPL National U12 Chess-ch 2022"]
[Site "Mysore"]
[Date "2022.04.11"]
[Round "6.3"]
[White "Gandhi, Aakash"]
[Black "Vivaan Vijay Saraogi"]
[Result "0-1"]
[ECO "D85"]
[WhiteElo "1698"]
[BlackElo "1519"]
[Annotator "NA RC"]
[PlyCount "154"]
[EventDate "2022.04.09"]
[EventCountry "IND"]
[SourceTitle "playchess.com"]
[Source "ChessBase"]
[SourceQuality "1"]
[TimeControl "5400+30"]

1. d4 Nf6 2. c4 g6 3. Nc3 d5 4. cxd5 Nxd5 5. e4 Nxc3 6. bxc3 Bg7 7. Be3 c5 8. Rc1 O-O 9. Qd2 Qa5 10. d5 f5 11. exf5 Bxf5 12. Nf3 Nd7 13. Nh4 Bb1 14. d6 Bxa2 15. dxe7 Rf7 16. Be2 Rxe7 17. O-O Bf7 18. Nf3 Nf6 19. Ng5 Ne4 20. Nxe4 Rxe4 21. Bf3 Rc4 22. Bd5 Rd8 23. Bxf7+ Kxf7 24. Qe2 Rxc3 25. Bd2 Qa2 26. Rxc3 Bxc3 27. Qf3+ Bf6 28. Qxb7+ Kg8 29. Be3 Bd4 30. Qe7 Rf8 31. Rd1 Qb3 32. Re1 Bxe3 33. Rxe3 Qf7 34. Qh4 Qd5 35. h3 Rf7 36. Qg3 Qd1+ 37. Kh2 Qd8 38. f4 Qd4 39. Rf3 Qd6 40. h4 Rf5 41. Qf2 Kf8 42. Kh3 h5 43. Qe1 Rxf4 44. Re3 Qd7+ 45. Kh2 Rf6 46. Re4 Qc7+ 47. Kh3 Kf7 48. Qc3 Qd7+ 49. Kh2 Qd6+ 50. Kh3 a5 51. Qb3+ Kg7 52. Qa3 Rf1 53. Qc3+ Kh7 54. g3 Qd7+ 55. Kh2 Rf2+ 56. Kg1 Ra2 57. Qe1 Kg8 58. Re8+ Kf7 59. Re4 Rd2 60. Rf4+ Kg8 61. Qe5 Rd1+ 62. Kg2 Qd2+ 63. Rf2 Qd5+ 64. Qxd5+ Rxd5 65. Rf6 Kg7 66. Ra6 c4 67. Rc6 Rd4 68. Ra6 c3 69. Rxa5 Rc4 70. Ra1 c2 71. Rc1 Rc3 72. Kf2 Kf6 73. Ke1 Kf5 74. Kf2 Kg4 75. Ke2 Kxg3 76. Kd2 Rc6 77. Rg1+ Kxh4 0-1

[Event "34th MPL National U12 Chess-ch 2022"]
[Site "Mysore"]
[Date "2022.04.11"]
[Round "6.4"]
[White "Darshan, V P S"]
[Black "Goutham Krishna H"]
[Result "1/2-1/2"]
[ECO "B51"]
[WhiteElo "1670"]
[BlackElo "1541"]
[Annotator "NA RC"]
[PlyCount "96"]
[EventDate "2022.04.09"]
[EventCountry "IND"]
[SourceTitle "playchess.com"]
[Source "ChessBase"]
[SourceQuality "1"]
[TimeControl "5400+30"]

1. e4 c5 2. Nf3 d6 3. c3 Nf6 4. Bb5+ Nbd7 5. d3 a6 6. Bxd7+ Bxd7 7. O-O g6 8. Re1 Bg7 9. d4 Bc6 10. d5 Bd7 11. a4 b6 12. Na3 O-O 13. Bf4 Bg4 14. h3 Bxf3 15. Qxf3 Nd7 16. Qe3 Re8 17. Rad1 Qb8 18. Qd3 Qb7 19. Bg3 Rab8 20. f4 b5 21. axb5 axb5 22. e5 c4 23. Qe3 Nc5 24. exd6 Nd3 25. Re2 Qxd5 26. dxe7 Bf6 27. Nc2 Rxe7 28. Qd2 Rbe8 29. Rxe7 Rxe7 30. Nb4 Nxb4 31. Qxd5 Nxd5 32. Rxd5 b4 33. cxb4 Bxb2 34. Kf1 Re4 35. b5 Bd4 36. Rd8+ Kg7 37. Rc8 Be3 38. Ke2 f5 39. Kd1 Rd4+ 40. Ke2 Re4 41. Kd1 Bg1 42. Rc6 Re3 43. Be1 Rb3 44. Rxc4 Rxb5 45. Bc3+ Kh6 46. Rc7 Bh2 47. Bg7+ Kh5 48. Be5 h6 1/2-1/2

[Event "34th MPL National U12 Chess-ch 2022"]
[Site "Mysore"]
[Date "2022.04.11"]
[Round "6.5"]
[White "Gaikwad Manas"]
[Black "Sherla Prathamesh"]
[Result "1/2-1/2"]
[ECO "C16"]
[WhiteElo "1698"]
[BlackElo "1484"]
[Annotator "NA RC"]
[PlyCount "106"]
[EventDate "2022.04.09"]
[EventCountry "IND"]
[SourceTitle "playchess.com"]
[Source "ChessBase"]
[SourceQuality "1"]
[TimeControl "5400+30"]

1. e4 e6 2. d4 d5 3. Nc3 Bb4 4. e5 Qd7 5. Qg4 f5 6. Qh5+ g6 7. Qh3 b6 8. a3 Bf8 9. Qg3 Nh6 10. h4 Nf7 11. Nf3 Rg8 12. Qh3 Ba6 13. g4 Bxf1 14. Rxf1 Nc6 15. Bg5 Nh6 16. gxf5 Nxf5 17. Ne2 Be7 18. Rd1 h6 19. Bxe7 Qxe7 20. Rg1 O-O-O 21. Kd2 Rdf8 22. Kc1 Nb8 23. Rg2 Rf7 24. Rdg1 Rfg7 25. Nf4 Qf7 26. Qg4 Nd7 27. c3 Nf8 28. Ne2 Nh7 29. Ng3 Kb7 30. Nxf5 exf5 31. Qf4 h5 32. Ne1 Nf8 33. Nd3 Ne6 34. Qf3 c6 35. Nf4 Nxf4 36. Qxf4 Qe6 37. Rg5 Kc8 38. Kd2 Kd7 39. a4 Ke7 40. Qf3 Kf7 41. b4 Rd8 42. Qg3 Rgg8 43. Qe3 a6 44. R5g3 Rg7 45. Qh6 Rdg8 46. Qg5 b5 47. a5 Rh7 48. Re1 Re8 49. Rge3 Rg7 50. Qf6+ Qxf6 51. exf6 Rxe3 52. Rxe3 Kxf6 53. f4 Re7 1/2-1/2

[Event "34th MPL National U12 Chess-ch 2022"]
[Site "Mysore"]
[Date "2022.04.11"]
[Round "6.6"]
[White "Jain, Kushagra"]
[Black "Sidharth Sreekumar"]
[Result "1/2-1/2"]
[ECO "B90"]
[WhiteElo "1452"]
[BlackElo "1418"]
[Annotator "NA RC"]
[PlyCount "52"]
[EventDate "2022.04.09"]
[EventCountry "IND"]
[SourceTitle "playchess.com"]
[Source "ChessBase"]
[SourceQuality "1"]
[TimeControl "5400+30"]

1. e4 c5 2. Nf3 d6 3. d4 cxd4 4. Nxd4 Nf6 5. Nc3 a6 6. Be3 e5 7. Nb3 Be7 8. f3 Be6 9. Qd2 h5 10. O-O-O Nbd7 11. Kb1 Rc8 12. Nd5 Nxd5 13. exd5 Bf5 14. Bd3 Bxd3 15. Qxd3 Bg5 16. Bf2 h4 17. g3 g6 18. f4 exf4 19. gxh4 Ne5 20. Qe4 Bxh4 21. Qxf4 Qf6 22. Qa4+ Kf8 23. Bd4 Rh5 24. Rhf1 Rf5 25. Rf2 Rf4 26. Rxf4 Qf5 1/2-1/2

[Event "34th MPL National U12 Chess-ch 2022"]
[Site "Mysore"]
[Date "2022.04.12"]
[Round "7.1"]
[White "Vivaan Vijay Saraogi"]
[Black "Vaz, Ethan"]
[Result "0-1"]
[ECO "A05"]
[WhiteElo "1519"]
[BlackElo "1384"]
[Annotator "NA RC"]
[PlyCount "80"]
[EventDate "2022.04.09"]
[EventCountry "IND"]
[SourceTitle "playchess.com"]
[Source "ChessBase"]
[SourceQuality "1"]
[TimeControl "5400+30"]

1. Nf3 d5 2. g3 Nf6 3. Bg2 e6 4. d3 Be7 5. O-O O-O 6. Nbd2 b6 7. Re1 Bb7 8. b3 c5 9. Bb2 Nc6 10. e4 Re8 11. e5 Nd7 12. Qe2 Rc8 13. c4 Nf8 14. h4 Nb4 15. Red1 dxc4 16. Nxc4 b5 17. Ne3 Nd5 18. Ng4 Ba6 19. Rac1 Qa5 20. Ng5 h5 21. Bxd5 exd5 22. Ne3 Bxg5 23. hxg5 d4 24. Nf5 Qb6 25. Re1 Ng6 26. Nd6 Rxe5 27. Nxc8 Qe6 28. Qf1 Bxc8 29. f4 Rxe1 30. Qxe1 Qh3 31. Qf2 Bb7 32. Qh2 Qg4 33. Rf1 h4 34. Kf2 Qf3+ 35. Ke1 hxg3 36. Qd2 Qg4 37. Qe2 Qxe2+ 38. Kxe2 g2 39. Rg1 Nxf4+ 40. Kd2 Nh3 0-1

[Event "34th MPL National U12 Chess-ch 2022"]
[Site "Mysore"]
[Date "2022.04.12"]
[Round "7.2"]
[White "Adireddy Arjun"]
[Black "Goutham Krishna H"]
[Result "0-1"]
[ECO "B84"]
[WhiteElo "1796"]
[BlackElo "1541"]
[Annotator "NA RC"]
[PlyCount "104"]
[EventDate "2022.04.09"]
[EventCountry "IND"]
[SourceTitle "playchess.com"]
[Source "ChessBase"]
[SourceQuality "1"]
[TimeControl "5400+30"]

1. e4 c5 2. Nf3 d6 3. d4 cxd4 4. Nxd4 Nf6 5. Nc3 a6 6. Be3 e6 7. Be2 Qc7 8. f4 b5 9. a3 Bb7 10. Bf3 Nbd7 11. Qe2 h5 12. O-O-O Rc8 13. Rhe1 Be7 14. Bg1 g6 15. e5 dxe5 16. fxe5 Bxf3 17. gxf3 Ng8 18. f4 Nh6 19. Ne4 O-O 20. Nd6 Bxd6 21. exd6 Qc4 22. Qxc4 Rxc4 23. Bf2 Ng4 24. Bg3 Rfc8 25. Re2 Ngf6 26. Nf3 R4c6 27. Ne5 Rb6 28. Bh4 Rb7 29. Bxf6 Nxf6 30. b3 Nd5 31. Rd4 Nb6 32. c4 bxc4 33. bxc4 f6 34. Nxg6 Kf7 35. f5 exf5 36. Re7+ Rxe7 37. Nxe7 Rxc4+ 38. Rxc4 Nxc4 39. Nxf5 Ke6 40. Ng7+ Kxd6 41. Nxh5 Ke5 42. Kc2 Nxa3+ 43. Kb3 Nb5 44. h4 f5 45. Kc4 f4 46. Ng7 Nd6+ 47. Kd3 Nf5 48. h5 a5 49. Ne8 a4 50. Nc7 a3 51. Kc3 f3 52. Nb5 f2 0-1

[Event "34th MPL National U12 Chess-ch 2022"]
[Site "Mysore"]
[Date "2022.04.12"]
[Round "7.3"]
[White "Aansh Nandan Nerurkar"]
[Black "Darshan, V P S"]
[Result "1-0"]
[ECO "C58"]
[WhiteElo "1564"]
[BlackElo "1670"]
[Annotator "NA RC"]
[PlyCount "109"]
[EventDate "2022.04.09"]
[EventCountry "IND"]
[SourceTitle "playchess.com"]
[Source "ChessBase"]
[SourceQuality "1"]
[TimeControl "5400+30"]

1. e4 e5 2. Nf3 Nc6 3. Bc4 Nf6 4. Ng5 d5 5. exd5 Na5 6. Bb5+ c6 7. dxc6 bxc6 8. Bd3 Bc5 9. O-O O-O 10. Nc3 h6 11. Nge4 Nxe4 12. Bxe4 f5 13. Bf3 Qf6 14. d3 Rd8 15. Qe1 Ba6 16. Na4 Bb6 17. Bd2 Nb7 18. Nxb6 axb6 19. Bc3 Re8 20. Qe3 Nc5 21. Rfe1 Nd7 22. g3 Qd6 23. Bg2 Rac8 24. Bh3 e4 25. dxe4 Rxe4 26. Qd2 Qxd2 27. Bxd2 Rxe1+ 28. Rxe1 Rf8 29. Bb4 c5 30. Bc3 g6 31. Re6 Kf7 32. Rd6 Bc8 33. Bg2 Rd8 34. Bd5+ Kf8 35. Rxg6 Ke8 36. Rxh6 Ke7 37. Rh8 Rxh8 38. Bxh8 Nf6 39. Bxf6+ Kxf6 40. f4 b5 41. Kf2 Ba6 42. h3 Bc8 43. Kf3 Bd7 44. g4 fxg4+ 45. hxg4 Bc8 46. g5+ Kg6 47. Be4+ Kg7 48. f5 Bd7 49. Kf4 Bc8 50. Ke5 Ba6 51. f6+ Kf8 52. g6 Bc8 53. Bd5 Bd7 54. g7+ Ke8 55. g8=Q# 1-0

[Event "34th MPL National U12 Chess-ch 2022"]
[Site "Mysore"]
[Date "2022.04.12"]
[Round "7.4"]
[White "Reyan"]
[Black "Haridev S"]
[Result "1/2-1/2"]
[ECO "B23"]
[WhiteElo "1543"]
[BlackElo "1458"]
[Annotator "NA RC"]
[PlyCount "58"]
[EventDate "2022.04.09"]
[EventCountry "IND"]
[SourceTitle "playchess.com"]
[Source "ChessBase"]
[SourceQuality "1"]
[TimeControl "5400+30"]

1. e4 c5 2. Nc3 d6 3. d4 cxd4 4. Qxd4 Nc6 5. Qd2 Nf6 6. b3 e6 7. Bb2 Be7 8. O-O-O O-O 9. Kb1 a6 10. f4 b5 11. Bd3 Bb7 12. Nf3 Qb6 13. g4 d5 14. exd5 Nxd5 15. Nxd5 exd5 16. Rhe1 Qc7 17. Nd4 Bf6 18. Nf5 Bxb2 19. Kxb2 Bc8 20. Nh4 Bxg4 21. Rc1 Qd6 22. Qf2 f5 23. Qg3 Nb4 24. Re5 Nc6 25. Ree1 Qf6+ 26. Kb1 Qd6 27. Kb2 Rac8 28. h3 Bh5 29. Qg5 Qf6+ 1/2-1/2

[Event "34th MPL National U12 Chess-ch 2022"]
[Site "Mysore"]
[Date "2022.04.12"]
[Round "7.5"]
[White "Adharsh K"]
[Black "Raihaan Zahid"]
[Result "0-1"]
[ECO "B43"]
[WhiteElo "1444"]
[BlackElo "1491"]
[Annotator "NA RC"]
[PlyCount "66"]
[EventDate "2022.04.09"]
[EventCountry "IND"]
[SourceTitle "playchess.com"]
[Source "ChessBase"]
[SourceQuality "1"]
[TimeControl "5400+30"]

1. e4 c5 2. Nc3 e6 3. Nf3 a6 4. d4 cxd4 5. Nxd4 Qc7 6. Nb3 b5 7. Qf3 Bb7 8. Bf4 d6 9. O-O-O b4 10. Ne2 Nf6 11. Ng3 Nbd7 12. Qd3 Rc8 13. f3 Ne5 14. Bxe5 dxe5 15. Nd2 Be7 16. Nc4 O-O 17. Qe3 h6 18. Qb3 Bc6 19. Qe3 Bb5 20. b3 Nd5 21. Qe1 Nc3 22. Rd2 Bxc4 23. Bxc4 Nxa2+ 24. Kb1 Qa5 25. Ne2 Nc3+ 26. Nxc3 bxc3 27. Rd7 Rxc4 28. Rxe7 Qa3 29. Qc1 Qxe7 30. bxc4 Rb8+ 31. Ka1 Rb2 32. c5 Qxc5 33. Qd1 Qa3# 0-1

[Event "34th MPL National U12 Chess-ch 2022"]
[Site "Mysore"]
[Date "2022.04.12"]
[Round "7.6"]
[White "Sherla Prathamesh"]
[Black "Vignesh Kannan P"]
[Result "1-0"]
[ECO "A23"]
[WhiteElo "1484"]
[BlackElo "1308"]
[Annotator "NA RC"]
[PlyCount "61"]
[EventDate "2022.04.09"]
[EventCountry "IND"]
[SourceTitle "playchess.com"]
[Source "ChessBase"]
[SourceQuality "1"]
[TimeControl "5400+30"]

1. c4 Nf6 2. Nc3 e5 3. g3 Bc5 4. Bg2 O-O 5. e3 c6 6. Nge2 d5 7. cxd5 cxd5 8. d4 exd4 9. exd4 Bb4 10. O-O Bg4 11. h3 Bf5 12. Bg5 Bxc3 13. Nxc3 Be6 14. f4 Qb6 15. f5 Bd7 16. Bxf6 Qxf6 17. Nxd5 Qd6 18. f6 Qxg3 19. Qh5 Nc6 20. fxg7 Qxg7 21. Nf6+ Kh8 22. d5 Nb8 23. Kh1 Bb5 24. Be4 h6 25. Rf2 Be2 26. Qxe2 Rd8 27. Rg1 Qf8 28. Qh5 Na6 29. Rg8+ Qxg8 30. Qxh6+ Qh7 31. Qxh7# 1-0